 Dungeon Crawl Stone Soup version 0.24.0-123-gd5b16e6ec5 (webtiles) character file.

Game seed: 7960379666036592138, levelgen mode: deterministic

114 FishyPogo the Ducker (level 4, -8/35 HPs)
             Began as a Demonspawn Gladiator on Jan 5, 2020.
             Was an Initiate of Sif Muna.
             Mangled by an ogre
             ... wielding a +0 giant spiked club
              (22 damage)
             ... on level 3 of the Dungeon.
             The game lasted 00:09:34 (2625 turns).

FishyPogo the Ducker (Demonspawn Gladiator)         Turns: 2625, Time: 00:09:35

Health: -8/35      AC:  6    Str: 15    XL:     4   Next: 66%
Magic:  4/4        EV: 13    Int:  9    God:    Sif Muna [......]
Gold:   234        SH:  0    Dex: 15    Spells: 3/3 levels left

rFire    . . .     SeeInvis .   a - +1 long sword
rCold    . . .     Gourm    .   (no shield)
rNeg     . . .     Faith    .   b - +1 leather armour
rPois    .         Spirit   .   (helmet restricted)
rElec    .         Reflect  .   (no cloak)
rCorr    .         Harm     .   (no gloves)
MR       .....                  (no boots)
Stlth    +.........             (no amulet)
HPRegen  0.11/turn              (no ring)
MPRegen  0.09/turn              (no ring)

@: no status effects
A: horns 1, iridescent scales 1
a: Renounce Religion


You were on level 3 of the Dungeon.
You worshipped Sif Muna.
Sif Muna was noncommittal.
You were hungry.

You visited 1 branch of the dungeon, and saw 4 of its levels.

You collected 234 gold pieces.

Inventory:

Hand Weapons
 a - a +1 long sword (weapon)
Missiles
 d - 3 throwing nets
 e - 167 stones (quivered)
 l - 7 boomerangs
Armour
 b - a +1 leather armour (worn)
Scrolls
 c - a scroll of fear {unknown}
 g - a scroll of immolation {unknown}
 h - 2 scrolls of amnesia
 i - a scroll of magic mapping
 j - 4 scrolls of identify
 q - a scroll of remove curse
Comestibles
 f - 5 rations


   Skills:
 * Level 3.3 Fighting
 + Level 3.1 Long Blades
 - Level 2.0 Throwing
 + Level 1.2 Armour
 * Level 3.5 Dodging


You had 3 spell levels left.
You didn't know any spells.
Your spell library was empty.

Dungeon Overview and Level Annotations

Branches:
Dungeon (4/15)
 Temple: D:4-7

Altars:
Gozag
Hepliaklqana
Kikubaaqudgha
Nemelex Xobeh
Sif Muna
Uskayaw
Wu Jian


Innate Abilities, Weirdness & Mutations

You have a pair of small horns on your head.
You are partially covered in iridescent scales. (AC +2)


Message History

Found a hunting sling.
Found a stone staircase leading up.
There is a stone staircase leading up here.
The ogre misses you.
You climb upwards.
Found a hide-covered altar of Uskayaw.
There is a stone staircase leading down here.
The ogre closely misses you.
You riposte.
You slash the ogre!
The ogre is severely wounded.
There is a shimmering blue altar of Sif Muna here.
You kneel at the altar of Sif Muna.
Sif Muna welcomes you!
The ogre hits you with a +0 giant spiked club!
Unknown command.
Press < or > to pray at altars.
You hit the ogre.
The ogre is severely wounded.
The ogre hits you with a +0 giant spiked club!!
Ouch! That really hurt!
You die...

#......# #.####.# #.#
#.#### #.####..รทรท.
#.##.....## #.##.#...##
#......#### ### #######.###
###@###_####..#
.##8..O8...8#####
#.##.........####
#.#8.........>#.# #
####.........##.# ##
##.##8...8...8##.## ##.
####..####_###_####..####..
+.....#############.....'..
####^..##.# #.##.#...####..


You could see an ogre.

Vanquished Creatures
  3 adders
  2 dart slugs
  3 leopard geckos
  4 orcs (D:3)
  3 giant cockroaches
  11 goblins
  12 hobgoblins
  4 jackals (D:3)
  7 kobolds
  A quokka (D:3)
  A ball python (D:3)
  8 bats
  5 frilled lizards
  6 rats
70 creatures vanquished.

Vanquished Creatures (others)
  4 toadstools (D:3)
4 creatures vanquished.

Grand Total: 74 creatures vanquished

Notes
Turn   | Place    | Note
-------+----------+-------------------------------------------
     0 | D:1      | FishyPogo the Demonspawn Gladiator began the quest for the
                  | Orb.
     0 | D:1      | Reached XP level 1. HP: 16/16 MP: 1/1
   361 | D:1      | Found a sparkling altar of Nemelex Xobeh.
   415 | D:1      | Gained mutation: You have a pair of small horns on your
                  | head. [demonic ancestry]
   415 | D:1      | Reached XP level 2. HP: 9/22 MP: 2/2
  1096 | D:2      | Gained mutation: You are partially covered in iridescent
                  | scales. (AC +2) [demonic ancestry]
  1096 | D:2      | Reached XP level 3. HP: 28/28 MP: 3/3
  1513 | D:2      | Reached skill level 1 in Armour
  1578 | D:2      | Found a faded altar of an unknown god.
  1778 | D:2      | Found a hazy altar of Hepliaklqana.
  1884 | D:3      | Found an ornate altar of the Wu Jian Council.
  1938 | D:3      | Reached XP level 4. HP: 35/35 MP: 4/4
  2342 | D:3      | Found an ancient bone altar of Kikubaaqudgha.
  2345 | D:3      | Found an opulent altar of Gozag.
  2411 | D:3      | Found a shimmering blue altar of Sif Muna.
  2593 | D:4      | Noticed an ogre
  2616 | D:3      | Found a hide-covered altar of Uskayaw.
  2624 | D:3      | Became a worshipper of Sif Muna the Loreminder
  2625 | D:3      | Mangled by an ogre

Levels and vault maps discovered:
D:1:      minmay_arrival_nine_rooms, layout_loops_cross,
          nemelex_xobeh_ov_fountains_minmay
D:2:      layout_basic, lemuel_coloured_pillars_altar,
          chequers_ecumenical_altar_twisty, serial_curves, eino_curves_03,
          eino_curves_03
D:3:      layout_loops_corners, nicolae_overflow_hidden_temple,
          old_standard_altar, minmay_gold_behind_fungi, grunt_ministairs_8,
          st_stairs_9, guppyfry_early_orc_mine
D:4:      layout_loops_corners, grunt_temple_overflow_open, serial_shops,
          nicolae_shop_behind_doors, uniq_natasha, uniq_pikel

Skill      XL: |  1  2  3 |
---------------+----------+-----
Throwing       | 2 |  2.0
Dodging        | 3 |  3.5
Armour         | 1 |  1.2
Long Blades    | 3 |  3.1
Fighting       | 3 |  3.3

Action                   |  1- 3 |  4- 6 || total
-------------------------+-------+-------++-------
Melee: Long sword        |   122 |    50 ||   172
       Headbutt          |    17 |     9 ||    26
Throw: Stone             |       |     2 ||     2
  Use: Potion            |     1 |     4 ||     5
       Scroll            |     3 |     4 ||     7
 Stab: Sleeping          |     1 |       ||     1
  Eat: Chunk             |     3 |     2 ||     5
Armor: Leather armour    |    31 |    23 ||    54
Dodge: Dodged            |    99 |    49 ||   148
       Rpst.: Long sword |    34 |    16 ||    50
